 Dungeon Crawl Stone Soup version 0.27-a0-808-g60bc5d92e6 (webtiles) character file.

Game seed: 15142684028373027682

114 garrulousMonolith the Magician (level 4, 8/31 HPs)
             Began as a Djinni Ice Elementalist on Mar 29, 2021.
             Quit the game on level 6 of the Dungeon.
             The game lasted 00:05:36 (2598 turns).

garrulousMonolith the Magician (DjIE)               Turns: 2598, Time: 00:05:36

Health: 8/31       AC:  5    Str:  7    XL:     4   Next: 98%
Gold:   16         EV: 13    Int: 23    God:
                   SH:  0    Dex: 14

rFire    + + +     SeeInvis .   q - +1 whip (freeze)
rCold    x . .     Faith    .   (no shield)
rNeg     . . .     Spirit   .   a - +0 robe
rPois    ∞         Reflect  .   (no helmet)
rElec    .         Harm     .   r - +2 cloak
rCorr    .         Rampage  .   (no gloves)
Will     .....                  (boots unavailable)
Stlth    ++........             (no amulet)
HPRegen  0.10/turn              c - +6 ring of intelligence
MPRegen  0.00/turn              m - ring of protection from fire

@: flying
A: fire resistance 2, cold vulnerability 1, float, innate caster, hp casting,
extra vitality 1
a: no special abilities


You were on level 6 of the Dungeon.
You visited 1 branch of the dungeon, and saw 4 of its levels.

You collected 58 gold pieces.
You spent 42 gold pieces at shops.

Inventory:

Hand Weapons
 b - a +0 hand axe
 d - a +0 short sword
 i - a +2 mace of draining
 q - a +1 whip of freezing (weapon)
 x - a +0 vampiric dagger
Missiles
 e - 25 stones
 f - 7 javelins (quivered)
 u - 28 poisoned darts
Armour
 a - a +0 robe (worn)
 k - a +0 ring mail
 r - a +2 cloak (worn)
Magical Staves
 h - a staff of fire
 n - a staff of air
 y - a staff of poison
Jewellery
 c - a +6 ring of intelligence (left hand)
 m - a ring of protection from fire (right hand)
 o - an amulet of faith
Scrolls
 g - 2 scrolls of enchant armour {unknown}
 j - a scroll of enchant weapon {unknown}
 p - a scroll of summoning {unknown}
 s - a scroll of vulnerability {unknown}
 w - a scroll of fog {unknown}
 C - a scroll of teleportation
Potions
 l - a potion of mutation {unknown}
 t - a potion of curing {unknown}
 v - a potion of heal wounds
 z - a potion of haste
 A - a potion of brilliance
 B - a potion of berserk rage {unknown}


   Skills:
 + Level 3.5 Dodging
 + Level 2.8 Stealth
 + Level 4.2 Spellcasting


You couldn't memorise any spells.
You knew the following spells:

 Your Spells              Type           Power      Damage    Failure   Level
a - Freeze                Ice            96%        1d11      1%          1
b - Frozen Ramparts       Ice            48%        1d6       5%          3
c - Ozocubu's Armour      Ice            24%        N/A       5%          3
d - Hailstorm             Conj/Ice       24%        3d7       19%         4
e - Summon Ice Beast      Ice/Summ       24%        N/A       19%         4
f - Beastly Appendage     Tmut           48%        N/A       1%          1
Your spell library was empty.

Dungeon Overview and Level Annotations

Branches:
Dungeon (3/15)

Altars:

Shops:
D:6 ?

Annotations:
D:6 Edmund


Innate Abilities, Weirdness & Mutations

You are immune to poison.
Your flesh is very heat resistant. (rF++)
You are vulnerable to cold. (rC-)
You float through the air rather than walking.
You learn spells naturally, not from books.
Your magical power is your life essence.
You have superior vitality. (+4 HP)


Message History

The phantom is heavily damaged.
The phantom closely misses you.
You hit the phantom.
The phantom is heavily damaged.
You hit the phantom.
The phantom is heavily damaged.
The phantom hits you but does no damage.
You closely miss the phantom.
The phantom is heavily damaged.
The phantom hits you.
The phantom blinks!
You blink.
The phantom hits you.
The phantom blinks!
You blink.
You hit the phantom.
The phantom is severely damaged.
You hit the phantom.
The phantom is severely damaged.
The phantom hits you.
* * * LOW HITPOINT WARNING * * *
The phantom blinks!
You blink.
Found a stone staircase leading down.
Edmund the Younger comes into view.
He is wielding a +2 flail of protection.
An ogre comes into view. It is wielding a +0 giant spiked club.
You closely miss the phantom.
The phantom is severely damaged.
The phantom hits you but does no damage.
Your extra speed is starting to run out.
Edmund shouts!
You feel yourself slow down.
You feel a little less clever now.
A bullfrog zombie comes into view.
Found 13 poisoned darts.
Edmund says, "People will remember me!
They'll remember me and die!"
Found a stone staircase leading down.
An iguana comes into view.
The iguana hisses angrily.
The bullfrog zombie closely misses you.
Found 10 sling bullets.
The bullfrog zombie hits you.
* * * LOW HITPOINT WARNING * * *
The iguana barely misses you.
Are you sure you want to abandon this character and quit the game? (Confirm with "yes".)

###########
########.........#
#.(..............#####
#......>..............
#................#....
#................#....
#................#....
#................#....
#....@Z..W..@.........
#.....l....#####......
######.....# #......
#.......# #......
##......# #......
#......# #######
#......# # #......# #
#


You could see Edmund, a phantom, an iguana and a bullfrog zombie.

Vanquished Creatures
  A water moccasin skeleton (D:2)
  2 adders (D:2)
  2 dart slugs (D:2)
  An orc (D:6)
  2 ball pythons
  2 endoplasms (D:1)
  2 giant cockroaches
  7 goblins
  3 hobgoblins
  5 quokkas
  5 bats
  3 frilled lizards
  6 kobolds
  3 rats
44 creatures vanquished.

Notes
Turn   | Place    | Note
-------+----------+-------------------------------------------
     0 | D:1      | garrulousMonolith the Djinni Ice Elementalist began the
                  | quest for the Orb.
     0 | D:1      | Reached XP level 1. HP: 15/15 MP: 0/0
   285 | D:1      | Reached XP level 2. HP: 17/21 MP: 0/0
  1085 | D:1      | Reached XP level 3. HP: 18/25 MP: 0/0
  1085 | D:1      | Learned a level 1 spell: Beastly Appendage
  1563 | D:2      | Reached skill level 4 in Spellcasting
  1563 | D:2      | Reached XP level 4. HP: 10/31 MP: 0/0
  2434 | D:3      | You are sucked into a shaft and drop 3 floors!
  2498 | D:6      | Found Ohucwip's Magic Scroll Boutique.
  2502 | D:6      | Noticed a phantom
  2528 | D:6      | Bought a scroll of teleportation for 42 gold pieces
  2551 | D:6      | Noticed Edmund
  2551 | D:6      | Noticed an ogre
  2598 | D:6      | Quit the game

Illustrated notes

Levels and vault maps discovered:
D:1:      amcnicky_arrival_choice, layout_rooms, hangedman_decor_growths,
          chequers_serial_rivers_micro_d
D:2:      layout_basic, minmay_hedge_maze, minmay_tetromino_i4
D:3:      layout_loops_cross, uniq_jessica
D:6:      layout_basic, serial_shops, shop, shop_fountains, kennysheep_mini,
          uniq_crazy_yiuf_cottage, uniq_edmund

Skill      XL: |  1  2  3 |
---------------+----------+-----
Stealth        | 2 |  2.8
Dodging        | 3 |  3.5
Spellcasting   | 4 |  4.2

Action                   |  1- 3 |  4- 6 || total
-------------------------+-------+-------++-------
Melee: Short sword       |     5 |       ||     5
       Mace              |    10 |       ||    10
       Staff             |     2 |       ||     2
       Whip              |    91 |    16 ||   107
       Dagger            |       |    42 ||    42
Throw: Javelin           |     5 |       ||     5
 Cast: Freeze            |    27 |    15 ||    42
       Frozen Ramparts   |       |     4 ||     4
  Use: Potion            |     1 |     3 ||     4
 Stab: Sleeping          |       |     1 ||     1
Armor: Robe              |    13 |    27 ||    40
Dodge: Dodged            |    49 |    49 ||    98

Table legend: (Time is in decaauts)
 A = Elapsed time spent in this place.
 B = Non-inter-level travel time spent in this place.
 C = Inter-level travel time spent in this place.
 D = Time resting spent in this place.
 E = Time spent auto-exploring this place.
 F = Levels seen in this place.
 G = Mean time per level.
                   A        B        C        D        E       F      G
               +--------+--------+--------+--------+--------+-----+--------+
         Total |   2596 |   2567 |     29 |    962 |    881 |   4 |  649.0 |
       Dungeon |   2596 |   2567 |     29 |    962 |    881 |   4 |  649.0 |
               +--------+--------+--------+--------+--------+-----+--------+

Top non-repeatable levels by time:
     D:1: 1255 daAuts
     D:2: 1138 daAuts
     D:6: 149 daAuts
     D:3: 52 daAuts
